 Dungeon Crawl Stone Soup version 0.17-a0-1504-gb7d9117 (webtiles) character file.

200 patman the Slasher (level 6, -1/61 HPs)
             Began as a Halfling Berserker on July 9, 2015.
             Was a Believer of Trog.
             Slain by a crimson imp (2 damage)
             ... on level 5 of the Dungeon.
             The game lasted 00:02:56 (853 turns).

patman the Slasher (Halfling Berserker)              Turns: 853, Time: 00:02:56

Health: -1/61      AC:  5    Str: 23    XL:     6   Next: 6%
Magic:  6/6        EV: 14    Int:  6    God:    Trog [**....]
Gold:   55         SH:  0    Dex: 15    Spells: 0 memorised, 5 levels left

rFire  . . .     SeeInvis .     b - +1 dagger (drain)
rCold  . . .     Clarity  .     i - +0 ring mail
rNeg   . . .     SustAt   .     (shield restricted)
rPois  .         Gourm    .     (no helmet)
rElec  .         Spirit   .     (no cloak)
rCorr  .         Warding  .     (no gloves)
rMut   .         Stasis   .     (no boots)
MR     .....                    (no amulet)
Stlth  ..........               (no ring)
                                (no ring)

@: berserking (expiring), very quick, not resistant to hostile enchantments,
extremely unstealthy
A: mutation resistance 1
a: Burn Spellbooks, Berserk, Trog's Hand, Renounce Religion


You were on level 5 of the Dungeon.
You worshipped Trog.
Trog was pleased with you.
You were not hungry.

You visited 1 branch of the dungeon, and saw 5 of its levels.

You collected 55 gold pieces.

Inventory:

Hand weapons
 a - a +0 falchion
 b - a +1 dagger of draining (weapon)
 j - a +0 dagger of draining
Armour
 i - a +0 ring mail (worn)
Jewellery
 l - an uncursed amulet of stasis
Scrolls
 d - a scroll of teleportation
 e - 2 scrolls of identify {unknown}
 f - a scroll of fear {unknown}
 h - a scroll of remove curse {unknown}
 k - a scroll of enchant weapon {unknown}
Comestibles
 c - a bread ration
 g - a fruit


   Skills:
 - Level 2.6 Fighting
 + Level 6.2 Long Blades
 - Level 2.1 Armour
 - Level 2.1 Dodging


You had 5 spell levels left.
You didn't know any spells.

Dungeon Overview and Level Annotations

Branches:
Dungeon (5/15)
 Temple: D:4-7

Altars:

Shops:
D:5 ::


Innate Abilities, Weirdness & Mutations

You are small and have problems with some larger weapons.
You are somewhat resistant to further mutation.


Message History

Trog accepts your kill.
You have reached level 6!
Your experience leads to an increase in your attributes!
Your base attributes are Str 18, Int 6, Dex 14.
Increase (S)trength, (I)ntelligence, or (D)exterity?
You feel agile.
Unknown command.
You hit the orc.
The orc is heavily wounded.
The orc hits you with a hand axe.
* * * LOW HITPOINT WARNING * * *
Unknown command.
You puncture the orc!
You kill the orc!
Trog accepts your kill.
Unknown command.
Unknown command.
You feel a strong urge to attack something.
The crimson imp hits you.
You die...

#... #.. #.####..
#.h..o..
###########......#
#...hho5...5####.#
#)########### #.#
#∩# #h# #.# #.#
#@# #h# #5# #.#
#.# #.# #.# #.#
#.# #.# #..


You could see a crimson imp.

Vanquished Creatures
  A water moccasin zombie (D:5)
  A crimson imp (D:5)
  A hound (D:4)
  An orc wizard (D:5)
  A hound skeleton (D:5)
  An adder (D:3)
  An adder skeleton (D:4)
  A giant gecko (D:5)
  7 orcs
  2 goblins
  A hobgoblin (D:2)
  9 jackals
  A quokka (D:4)
  A bat (D:4)
  3 rats
32 creatures vanquished.

Notes
Turn   | Place    | Note
--------------------------------------------------------------
     0 | D:1      | patman the Halfling Berserker began the quest for the Orb.
     0 | D:1      | Reached XP level 1. HP: 15/15 MP: 1/1
   103 | D:3      | Reached XP level 2. HP: 20/20 MP: 2/2
   131 | D:3      | Reached skill level 4 in Long Blades
   131 | D:3      | Reached XP level 3. HP: 7/25 MP: 3/3
   455 | D:4      | Reached XP level 4. HP: 25/30 MP: 4/4
   595 | D:5      | Entered Level 5 of the Dungeon
   618 | D:5      | Reached skill level 5 in Long Blades
   618 | D:5      | Reached XP level 5. HP: 16/35 MP: 5/5
   774 | D:5      | Found Wiose's Book Boutique.
   777 | D:5      | Noticed an ice beast
   778 | D:5      | Noticed a centaur
   812 | D:5      | Found Itilok's Book Shoppe.
   834 | D:5      | Acquired Trog's second power
   843 | D:5      | Reached skill level 6 in Long Blades
   849 | D:5      | Reached XP level 6. HP: 5/41 MP: 6/6
   850 | D:5      | HP: 1/61 [orc/hand axe (5)]
   853 | D:5      | Slain by a crimson imp

Vault maps used:
D:1:      shiori_arrival_oz, st_stairs_8
D:2:      old_standard_altar, overflow_temple_1_default, first_bread,
          xom_teletrap_fun
D:3:      uniq_natasha
D:4:      gup_sewer_entry_glass, serial_co_window_serial, co_window_corner_a,
          co_window_paths_a, co_window_paths_b, co_window_paths_b,
          co_window_of_opportunity_a, co_window_cross_3, co_window_corner_b,
          co_window_unsneaky_path_d, co_window_unsneaky_path_c,
          co_window_broadway_b, co_window_corner_b, co_window_2corner,
          glass_columns_c, glass_columns_b, glass_columns_a, glass_columns_a,
          serial_shops, nicolae_shop_stone, shop, shop, uniq_edmund
D:5:      minmay_temple_entry_poolview, serial_shops, shop, nicolae_shop_trees,
          nicolae_shop_stone, shop

Action                   |  1- 3 |  4- 6 || total
-------------------------+-------+-------++-------
Melee: Falchion          |     5 |    22 ||    27
       Dagger            |    21 |    50 ||    71
Invok: Berserk           |     2 |     1 ||     3
  Use: Scroll            |       |     1 ||     1
  Eat: Chunk             |       |     2 ||     2
